 Dungeon Crawl Stone Soup version 0.25-a0-1073-gf4359a17dd (webtiles) character file.

Game seed: 12910807662933224673, levelgen mode: deterministic

1250 Flugslaktarn the Chopper (level 8, -5/73 HPs)
             Began as a Deep Dwarf Fighter on May 14, 2020.
             Was a Believer of Cheibriados.
             Slain by an ogre
             ... wielding a +0 giant spiked club
              (27 damage)
             ... on level 7 of the Dungeon.
             The game lasted 00:01:52 (2382 turns).

Flugslaktarn the Chopper (Deep Dwarf Fighter)       Turns: 2382, Time: 00:01:53

Health: -5/73      AC:  8    Str: 27    XL:     8   Next: 26%
Magic:  7/9        EV:  8    Int: 12    God:    Cheibriados [**....]
Gold:   172        SH: 11    Dex: 16    Spells: 7/7 levels left

rFire    . . .     SeeInvis .   a - +0 war axe
rCold    . . .     Gourm    .   c - +0 kite shield
rNeg     . . .     Faith    .   b - +0 scale mail
rPois    .         Spirit   .   (no helmet)
rElec    .         Reflect  .   k - +0 cloak
rCorr    .         Harm     .   (no gloves)
MR       ++...                  (no boots)
Stlth    ..........             (no amulet)
HPRegen  0.00/turn              (no ring)
MPRegen  0.11/turn              m - ring of protection from magic

@: lethally poisoned (-5 -> -21), non-regenerating, very slow
A: damage resistance, heal wounds, sense surroundings 1, no regeneration
a: Heal Wounds, Bend Time, Renounce Religion


You were on level 7 of the Dungeon.
You worshipped Cheibriados.
Cheibriados was pleased with you.
You were not hungry.

You visited 1 branch of the dungeon, and saw 7 of its levels.

You collected 172 gold pieces.

Inventory:

Hand Weapons
 a - a +0 war axe (weapon)
Armour
 b - a +0 scale mail (worn)
 c - a +0 kite shield (worn)
 k - a +0 cloak (worn)
   (You found it on level 4 of the Dungeon)
Jewellery
 m - a ring of protection from magic (right hand)
   (You found it on level 5 of the Dungeon)
Wands
 u - a wand of iceblast (8)
   (You found it on level 6 of the Dungeon)
Scrolls
 g - a scroll of enchant weapon {unknown}
 i - 2 scrolls of noise
 o - a scroll of enchant armour
 p - a scroll of immolation
 r - a scroll of identify
 x - 2 scrolls of remove curse
 z - a scroll of blinking
Potions
 d - a potion of might
 t - a potion of flight
Comestibles
 e - 7 rations
 f - 4 chunks of flesh


   Skills:
 + Level 4.6 Fighting
 * Level 6.8 Axes
 + Level 5.5 Armour
 + Level 5.5 Shields
 + Level 4.4 Invocations


You had 7 spell levels left.
You didn't know any spells.
Your spell library was empty.

Dungeon Overview and Level Annotations

Branches:
Dungeon (7/15)             Temple (0/1) D:5

Altars:
Cheibriados
Gozag
Kikubaaqudgha
Makhleb
Qazlal
Yredelemnul

Annotations:
D:6 3 runed translucent doors, bmj180's ghost, journeyman DrCj


Innate Abilities, Weirdness & Mutations

You are resistant to damage.
You can heal yourself by infusing magical energy.
You passively map a small area around you.
You do not regenerate.


Message History

The killer bee stings you. The adder bites you.
You are more poisoned.
The adder poisons you!
The killer bee stings you but does no damage.
You slash the killer bee!
You kill the killer bee!
Cheibriados appreciates the change of pace.
You hit the adder but do no damage. You hit the killer bee.
You slash the adder!
You kill the adder!
Cheibriados appreciates the change of pace.
You feel sick. The killer bee closely misses you. You block the adder's attack.
The killer bee stings you!
You are more poisoned.
The killer bee poisons you!
You closely miss the killer bee.
The killer bee is lightly wounded.
You slash the ogre! You completely miss the adder.
You feel sick.
The ogre hits you with a +0 giant spiked club!!
You die...

, , ....# ....... ...
....##....... ,
.....*............ ,
.........$.##...........
,
........................
.......................
,
,............$.†y......
..............@S...... ,
...#..........O...... ,
, , ..
#.#.......###....).. ,
... #.........# *.......
⌠ ...##..<.....##
#...... *
....#..†......## *.###..
......##.#.....# *.. **#
......#..###)..#* ..! *
.........# #....... *


You could see an ogre, a killer bee (slow) and an adder (slow).

Vanquished Creatures
  2 sky beasts
  A necrophage (D:6)
  An ogre (D:5)
  A centaur (D:5)
  A phantom (D:5)
  A scorpion (D:5)
  2 killer bees (D:7)
  2 howler monkeys
  A bullfrog skeleton (D:5)
  A bullfrog zombie (D:6)
  A jelly (D:7)
  2 orc priests
  Ijyb (D:4)
  An iguana (D:7)
  An orc wizard (D:5)
  6 worker ants
  A hound skeleton (D:6)
  8 adders
  2 shadow imps (D:5)
  A worm (D:4)
  2 dart slugs
  11 orcs
  2 bats
  2 giant cockroaches
  A hobgoblin (D:3)
  4 jackals (D:6)
  4 kobolds
  A quokka (D:4)
  2 leopard gecko skeletons
  2 quokka skeletons
  4 rats
72 creatures vanquished.

Notes
Turn   | Place    | Note
-------+----------+-------------------------------------------
     0 | D:1      | Flugslaktarn the Deep Dwarf Fighter began the quest for the
                  | Orb.
     0 | D:1      | Reached XP level 1. HP: 20/20 MP: 1/1
   108 | D:2      | Reached XP level 2. HP: 20/27 MP: 2/2
   323 | D:4      | Found an ancient bone altar of Kikubaaqudgha.
   419 | D:4      | Noticed Ijyb
   436 | D:4      | Killed Ijyb
   436 | D:4      | Reached skill level 3 in Axes
   436 | D:4      | Reached XP level 3. HP: 33/34 MP: 3/3
   445 | D:4      | Reached XP level 4. HP: 37/42 MP: 4/4
   495 | D:4      | Found a snail-covered altar of Cheibriados.
   564 | D:4      | Became a worshipper of Cheibriados the Contemplative
   609 | D:4      | You fall into a shaft and drop 2 floors!
   621 | D:5      | Entered Level 5 of the Dungeon
   644 | D:5      | Reached skill level 4 in Axes
   644 | D:5      | Reached XP level 5. HP: 26/49 MP: 5/5
   712 | D:5      | Noticed a centaur
   721 | D:5      | Killed a centaur
   721 | D:5      | Reached skill level 1 in Invocations
   749 | D:5      | Noticed a phantom
   776 | D:5      | Killed a phantom
   776 | D:5      | Reached XP level 6. HP: 27/57 MP: 7/7
   840 | D:5      | Reached skill level 5 in Axes
   852 | D:5      | Found a staircase to the Ecumenical Temple.
   875 | D:5      | Found a basalt altar of Yredelemnul.
   990 | D:5      | Noticed a sky beast
   995 | D:5      | Reached * piety under Cheibriados
  1004 | D:5      | Killed a sky beast
  1004 | D:5      | Reached XP level 7. HP: 27/63 MP: 7/9
  1606 | D:5      | Reached skill level 5 in Armour
  1645 | D:5      | Found a burning altar of Makhleb.
  1782 | D:5      | Reached skill level 5 in Shields
  1904 | D:6      | Found a burning altar of Makhleb.
  1909 | D:6      | Reached skill level 6 in Axes
  2098 | D:6      | Found a stormy altar of Qazlal.
  2206 | D:6      | Found a runed translucent gate.
  2206 | D:6      | Found a runed translucent gate.
  2206 | D:6      | Found a runed translucent gate.
  2208 | D:6      | Found an opulent altar of Gozag.
  2210 | D:6      | Noticed a purple ugly thing
  2211 | D:6      | Noticed bmj180's ghost (journeyman DrCj)
  2263 | D:7      | Reached ** piety under Cheibriados
  2291 | D:7      | Reached XP level 8. HP: 49/73 MP: 9/9
  2382 | D:7      | Slain by an ogre

Illustrated notes

Levels and vault maps discovered:
D:1:      psy_arrival_dodecagon, layout_loops_ring
D:2:      minmay_chambers_of_ones, layout_rooms, first_ration,
          nrook_mini_vaults, nicolae_ru_path_of_blood
D:3:      layout_basic, kennysheep_crisscross, corexii_item_surrounded_by_moat
D:4:      layout_rooms, marbit_many_paths, lemuel_crystal_altar, uniq_ijyb
D:5:      layout_loops_corners, yredelemnul_altar_generic, lemuel_doored_altar,
          minmay_temple_entry_crystal_x, st_stairs_4
D:6:      layout_rooms, grunt_qazlal_sundering, ebering_ghost_gozag,
          solitary_fountain, makhleb_blood_cavern_becter
D:7:      layout_cave_pools, grunt_decor_one_mirror

Skill      XL: |  1  2  3  4  5  6  7  8 |
---------------+-------------------------+-----
Fighting       | 3 4 |  4.6
Axes           | 3 4 5 6 |  6.8
Armour         | 4 5 |  5.5
Shields        | 4 5 |  5.5
Invocations    | 2 3 4 |  4.4

Action                   |  1- 3 |  4- 6 |  7- 9 || total
-------------------------+-------+-------+-------++-------
Melee: War axe           |    60 |    99 |   128 ||   287
Invok: Bend Time         |       |       |     1 ||     1
 Abil: Heal Wounds       |     1 |     3 |     5 ||     9
  Use: Scroll            |       |       |    11 ||    11
  Eat: Chunk             |       |     1 |     2 ||     3
Armor: Scale mail        |    30 |    33 |    50 ||   113
Dodge: Dodged            |    12 |    28 |    45 ||    85
Block: Kite shield       |    32 |    49 |    81 ||   162

Table legend:
 A = Non-vault XP
 B = Vault XP
 C = Vault XP percentage of total XP
 D = Non-vault monster count
 E = Vault monster count
 F = Vault count percentage of total count
                 A         B        C        D         E       F
            +---------+---------+-------+---------+---------+-------
      Total |    1417 |     369 |  20.7 |      66 |       6 |   8.3
            +---------+---------+-------+---------+---------+-------
        D:1 |       6 |       0 |   0.0 |       2 |       0 |   0.0
        D:2 |      11 |       0 |   0.0 |       7 |       0 |   0.0
        D:3 |       5 |       0 |   0.0 |       4 |       0 |   0.0
        D:4 |      90 |      91 |  50.3 |      11 |       2 |  15.4
        D:5 |     730 |     141 |  16.2 |      21 |       2 |   8.7
        D:6 |     137 |     137 |  50.0 |      10 |       2 |  16.7
        D:7 |     438 |       0 |   0.0 |      11 |       0 |   0.0
            +---------+---------+-------+---------+---------+-------
